AoeStats
← GambitBoyNC

Black Forest

509846477Analyzed
3v3 RM · 4d ago on Sep 28, 2026· 24m 55s· 6 players
Game mode
Random Map
Map size
Normal (6 player)
Population
200
Speed
Normal
Resources
Standard
Victory
Conquest
Starting age
Dark Age
Ending age
Imperial Age
RankedLock teamsTeams togetherTeam positionsShared explorationLock speedFull tech treeHidden civsTurbo modeCheats
Victory
Defeat
🇫🇷 Huns · France
864
+12
🇮🇩 Jurchens · Indonesia
795
+14
🇮🇳 Cumans · India
784
+15
🇫🇷 Aztecs · France
865
-18
🇫🇷 Mongols · France
718
-12
🇳🇨 Franks · New Caledonia
701
-11
Hyper Tekken
0:40 Loom
16:10 Feudal Age
16:39 Horse Collar
16:45 Double-Bit Axe
21:10 Castle Age
19:37 Forging
19:32 Scale Barding Armor
20:31 Bloodlines
25:54 Iron Casting
25:39 Chain Barding Armor
Miyu.
11:20 Feudal Age
10:25 Loom
12:58 Horse Collar
13:06 Double-Bit Axe
15:22 Man-at-Arms
16:37 Forging
21:20 Castle Age
20:30 Gold Mining
20:33 Stone Mining
23:34 Husbandry
Pouet
2:34 Loom
12:30 Feudal Age
13:09 Double-Bit Axe
20:01 Castle Age
18:29 Forging
18:12 Gold Mining
18:16 Stone Mining
20:13 Scale Barding Armor
21:00 Bloodlines
GambitBoyNC
10:06 Feudal Age
10:33 Loom
15:15 Castle Age
14:08 Double-Bit Axe
14:06 Horse Collar
jono
13:34 Feudal Age
13:46 Loom
14:45 Double-Bit Axe
19:18 Castle Age
17:07 Double-Bit Axe
17:15 Gold Mining
19:05 Forging
24:45 Pikeman
26:04 Iron Casting
chazychaz
11:24 Feudal Age
10:41 Loom
12:53 Horse Collar
13:16 Double-Bit Axe
21:45 Castle Age
22:42 Bow Saw
22:35 Heavy Plow
23:55 Wheelbarrow
23:19 Town Watch
Connection lost

Rejoining the realm…

Still unreachable

The connection could not be restored.

Session expired

The server has moved on; the page needs a fresh start.